 Dungeon Sprint DCSS version 0.20.1-1-g8b1a95d (webtiles) character file.

114 Fang the Skirmisher (level 4, -7/48 HPs)
             Began as a Gargoyle Berserker on Oct 19, 2018.
             Was an Elder of Trog.
             Mangled by an orc warrior
             ... wielding a +0 trident
              (18 damage)
             ... in the Dungeon (Sprint VII: "The Pits").
             The game lasted 00:00:33 (264 turns).

Fang the Skirmisher (Gargoyle Berserker)             Turns: 264, Time: 00:00:33

Health: -7/48      AC:  5    Str: 27    XL:     4   Next: 97%
Magic:  4/4        EV: 12    Int:  7    God:    Trog [****..]
Gold:   0          SH:  0    Dex:  9    Spells: 3/3 levels left

rFire    . . .     SeeInvis .   j - +2 hand axe (freeze)
rCold    . . .     Gourm    .   (no shield)
rNeg     + . .     Faith    .   b - +0 animal skin
rPois    ∞         Spirit   .   (no helmet)
rElec    +         Reflect  .   (no cloak)
rCorr    .         Harm     .   (no gloves)
MR       .....     NoTele   +   (no boots)
Stlth    ..........             (no amulet)
Regen    0.2/turn               (no ring)
MPRegen  0.1/turn               (no ring)

@: berserking, very quick
A: negative energy resistance 1, electricity resistance, unbreathing,
petrification resistance, rot immunity, AC +3
a: Berserk, Trog's Hand, Brothers in Arms, Burn Spellbooks, Renounce Religion


You were in the Dungeon.
You worshipped Trog.
Trog was greatly pleased with you.
You were not hungry.

You visited 1 branch

Inventory:

Hand Weapons
 j - a +2 hand axe of freezing (weapon)
Armour
 b - a +0 animal skin (worn)
Scrolls
 i - a scroll of blinking
 k - 3 scrolls of remove curse
 l - a scroll of summoning
Potions
 a - 2 potions of invisibility
 d - a potion of curing
 e - a potion of heal wounds
 f - a potion of haste
 g - 4 potions of magic
 h - 3 potions of berserk rage
Comestibles
 c - 8 bread rations
 m - 40 fruits
 n - 7 meat rations


   Skills:
 + Level 6.9 Fighting
 + Level 6.2 Axes
 + Level 3.6 Armour
 + Level 2.9 Dodging


You had 3 spell levels left.
You didn't know any spells.

Dungeon Overview and Level Annotations

Branches:
Dungeon (1/1)

Altars:
Cheibriados
Dithmenos
Elyvilon
Fedhas
Gozag
Hepliaklqana
Makhleb
Nemelex Xobeh
Okawaru
Qazlal
Ru
Sif Muna
Trog
Vehumet
Xom
Yredelemnul
Zin
The Shining One
Beogh
Jiyva
Lugonu


Innate Abilities, Weirdness & Mutations

You are resistant to torment.
Your stone body is resilient. (AC +3)
You are immune to poison.
You resist negative energy. (rN+)
You are resistant to electric shocks. (rElec)
You can survive without breathing.
You are immune to petrification.
You are immune to rotting.


Message History

You slash the orc! You freeze the orc.
You kill the orc!
Trog accepts your kill.
You hit the orc wizard. You freeze the orc wizard.
You kill the orc wizard!
Trog accepts your kill.
Trog appreciates your killing of a magic user.
Your Axes skill increases to level 6!
The orc warrior hits you from afar with a trident!
* * * LOW HITPOINT WARNING * * *
The orc warrior closely misses you.
Items here: )) [[ † a club; a leather armour; a dagger; a robe; an orc corpse You feel a strong urge to attack something.
Things that are here:
a dagger; a robe; an orc corpse You hit the orc warrior.
You freeze the orc warrior.
The orc warrior is lightly wounded.
The orc warrior hits you with a trident!!
You die...

##########.##...........
#...........'...........
+#####'#####......#..#.
#.....##...........
#####'#####'#####++
#.....##.......#
#.....##.......#
###'####.......#
#o@)).##...<...#
#........##.......#
#........##.......#
###########.......#
#########


You could see an orc warrior.

Vanquished Creatures
  3 orc wizards (D)
  A river rat (D)
  2 oozes (D)
  A leopard gecko (D)
  An orc (D)
  A bat zombie (D)
  A giant cockroach (D)
  A ball python (D)
  A rat (D)
12 creatures vanquished.

Notes
Turn   | Place    | Note
-------+----------+-------------------------------------------
     0 | D        | Fang the Gargoyle Berserker began the quest for the Orb.
     0 | D        | Reached XP level 1. HP: 14/14 MP: 1/1
    77 | D        | Found a bloodstained altar of Trog.
    77 | D        | Found a deep blue altar of Sif Muna.
    77 | D        | Found a viscous altar of Jiyva.
    77 | D        | Found a hazy altar of Hepliaklqana.
    77 | D        | Found an opulent altar of Gozag.
    78 | D        | Found a glowing golden altar of the Shining One.
    78 | D        | Found a glowing silver altar of Zin.
    78 | D        | Found a basalt altar of Yredelemnul.
    78 | D        | Found a shimmering altar of Xom.
    78 | D        | Found a sacrificial altar of Ru.
    78 | D        | Found a stormy altar of Qazlal.
    78 | D        | Found an iron altar of Okawaru.
    78 | D        | Found a sparkling altar of Nemelex Xobeh.
    78 | D        | Found a burning altar of Makhleb.
    78 | D        | Found a blossoming altar of Fedhas.
    78 | D        | Found a white marble altar of Elyvilon.
    78 | D        | Found a shadowy altar of Dithmenos.
    78 | D        | Found a snail-covered altar of Cheibriados.
    80 | D        | Found a radiant altar of Vehumet.
    80 | D        | Found a corrupted altar of Lugonu.
    80 | D        | Found a roughly hewn altar of Beogh.
   117 | D        | Reached ** piety under Trog
   126 | D        | Reached XP level 2. HP: 18/20 MP: 2/2
   254 | D        | Noticed an orc warrior
   256 | D        | Reached *** piety under Trog
   258 | D        | Reached skill level 5 in Fighting
   258 | D        | Reached XP level 3. HP: 26/26 MP: 3/3
   259 | D        | Reached skill level 5 in Axes
   260 | D        | Reached **** piety under Trog
   260 | D        | Reached XP level 4. HP: 20/32 MP: 4/4
   264 | D        | Mangled by an orc warrior

Skill      XL: |  1  2  3  4 |
---------------+-------------+-----
Axes           | 3 4 5 6 |  6.2
Fighting       | 4 5 6 |  6.9
Dodging        | 2 |  2.9
Armour         | 3 |  3.6

Action                   |  1- 3 |  4- 6 || total
-------------------------+-------+-------++-------
Melee: Hand axe          |    14 |     2 ||    16
Invok: Berserk           |     2 |       ||     2
Armor: Animal skin       |     6 |       ||     6
Dodge: Dodged            |    13 |     2 ||    15
